Map: Void Launch

Players

raincamp

  • Race: Terran Terran
  • Spawn Location: 6:00

raincamp

  • Race: Terran Terran
  • Spawn Location: 6:00

VOD

Have the link to the VOD?

Description

Time

  • Played on: Aug. 18, 2017, 9:38 p.m.
  • Length: 24:30
Show
View Real Time Build Order
Export as new Build Order

raincamp Terran 

Build Orders:  

Get SALT Encoding   

  12  0:04  SCV  
  13  0:21  SCV  
  13  0:27  Refinery  
  14  0:38  SCV  
  15  0:54  Refinery  
  15  0:55  SCV  
  16  1:12  SCV  
  17  1:29  SCV  
  18  1:46  SCV  
  19  1:51  Command Center  
  19  2:09  Barracks  
  19  2:10  SCV  
  20  2:27  SCV  
  21  2:44  SCV  
  22  3:15  Elite Marine  
  26  3:29  Factory  
  26  3:31  SCV  
  26  3:36  SCV  
  28  3:50  Refinery, SCV  
  29  4:07  Engineering Bay  
  29  4:20  SCV x2  
  31  4:31  Refinery  
  31  4:37  SCV x2  
  33  5:05  SCV  
  34  5:21  SCV  
  33  5:41  SCV x2  
  33  5:44  Starport  
  35  5:55  Armory  
  35  5:58  SCV x2  
  37  6:01  Factory Tech Lab, Barracks Tech Lab  
  37  6:21  SCV  
  38  6:31  Super Stimpack  
  38  6:34  Spider Mines  
  38  6:39  Caduceus Reactor  
  38  7:16  Laser Targeting System  
  38  7:24  Ghost Visor  
  38  7:27  Raid Liberator  
  38  7:28  Starport Tech Lab  
  44  7:38  SCV x2  
  46  7:41  Defensive Drone  
  46  8:09  Operational Efficiency  
  46  8:40  Raid Artillery  
  46  8:43  Graduating Range  
  46  8:47  Terran Vehicle and Ship Weapons Level 1  
  46  8:48  Terran Infantry Weapons Level 1  
  46  9:09  Elite Marine  
  50  9:10  Smart Servos  
  50  9:28  Lockdown Missiles  
  49  10:05  Defensive Drone  
  49  10:13  Ares-Class Targeting System  
  49  10:29  Heavy Siege Tank  
  55  11:00  Defensive Drone  
  52  11:14  Strike Goliath  
  55  11:25  Heavy Siege Tank  
  61  11:30  Command Center  
  61  11:32  Defensive Drone  
  61  11:59  SCV  
  62  12:00  SCV  
  63  12:14  Terran Vehicle and Ship Weapons Level 2, Terran Infantry Weapons Level 2  
  63  12:22  Missile Turret  
  63  12:59  Refinery  
  63  13:25  Elite Marine  
  67  13:47  Refinery  
  67  13:55  Raid Liberator  
  73  14:03  Defensive Drone  
  73  14:07  Strike Goliath  
  79  14:37  Defensive Drone  
  79  14:44  Defensive Drone  
  79  15:13  Missile Turret  
  79  15:14  Missile Turret  
  79  15:42  Missile Turret  
  79  15:43  Missile Turret  
  79  16:12  Strike Goliath  
  79  16:14  Defensive Drone  
  85  16:25  SCV x3  
  88  16:35  Missile Turret  
  88  16:36  Missile Turret x2  
  88  16:38  Missile Turret  
  88  16:42  SCV  
  88  16:49  Defensive Drone  
  89  17:06  Missile Turret  
  87  17:14  Tactical Airlift  
  89  17:28  Defensive Drone  
  84  17:54  SCV  
  84  17:55  SCV x2  
  87  18:09  Missile Turret x2  
  87  18:11  Heavy Siege Tank, SCV  
  87  18:12  SCV  
  95  18:34  Elite Marine  
  95  18:37  Missile Turret  
  99  18:40  Missile Turret  
  99  18:55  Terran Infantry Weapons Level 3, Terran Vehicle and Ship Weapons Level 3  
  99  19:08  Missile Turret  
  99  19:12  Missile Turret  
  99  19:28  Defensive Drone  
  96  19:31  Missile Turret x2  
  96  19:33  Missile Turret  
  96  19:35  Missile Turret x2  
  93  20:04  Defensive Drone, Missile Turret  
  93  20:05  Missile Turret  
  93  20:08  Missile Turret  
  93  20:09  Raid Liberator, Missile Turret  
  90  21:31  Missile Turret  
  90  21:34  Missile Turret  
  90  21:57  Griffin Airstrike  
  87  22:05  Missile Turret  
  87  22:08  Missile Turret  
  83  22:17  Raid Liberator  
  89  22:31  Missile Turret  
  89  22:32  Missile Turret  
  89  22:33  Missile Turret  
  89  22:36  Missile Turret  
  89  22:37  Missile Turret x2  
  89  22:38  Missile Turret  
  89  22:39  Missile Turret  
  89  22:44  Missile Turret  
  89  22:56  Missile Turret x2  
  89  23:13  Defensive Drone  
  89  23:32  Hellbat Rangers  
  89  23:36  Defensive Drone  
  88  24:01  Defensive Drone  
Show
View Real Time Build Order
Export as new Build Order

raincamp Terran 

Build Orders:  

Get SALT Encoding   

Tags
 
Commander
NovaRaynor
Matchup
Co-op
Replay Pack
Co-op Speedrun
Add a new tag
Caveats
  • Supply blocks, unpowered buildings, or Contaminate may cause inaccurate times.
  • Supply counts are checked every 10 seconds.